 Dungeon Crawl Stone Soup version 0.30.1-4-g462c640d31 (webtiles) character file.

Game seed: 9031006147601283808

5 growler the Gusty (level 1, -3/10 HPs)
             Began as a Tengu Air Elementalist on Sept 14, 2023.
             Slain by a hobgoblin (5 damage)
             ... on level 1 of the Dungeon.
             The game lasted 00:00:21 (103 turns).

growler the Gusty (Tengu Air Elementalist)           Turns: 103, Time: 00:00:22

Health: -3/10      AC:  2    Str:  8    XL:     1   Next: 80%
Magic:  1/4        EV: 12    Int: 15    God:
Gold:   6          SH:  0    Dex: 14    Spells: 3/4 levels left

rFire   . . .        (no weapon)
rCold   . . .        (no shield)
rNeg    . . .        a - +0 robe
rPois   .            (helmet restricted)
rElec   .            (no cloak)
rCorr   .            (no gloves)
SInv    .            (boots unavailable)
Will    .....        (no amulet)
Stlth   ++           (no ring)
HPRegen 0.21/turn    (no ring)
MPRegen 0.09/turn

%: no passive effects
@: no status effects
A: beak, talons 3
a: no special abilities


You were on level 1 of the Dungeon.
You visited 1 branch of the dungeon, and saw 1 of its levels.

You collected 6 gold pieces.

Inventory:

Armour
 a - a +0 robe (worn)
Scrolls
 d - a scroll of teleportation {unknown}
Potions
 b - a potion of magic
 c - a potion of might {unknown}


   Skills:
 + Level 2.3 Dodging
 + Level 2.1 Stealth
 + Level 2.0 Spellcasting
 + Level 1.6 Conjurations
 + Level 4.1 Air Magic


You had 3 spell levels left.
You knew the following spells:

 Your Spells              Type           Power      Damage    Failure   Level
a - Shock                 Conj/Air       40%        1d5       7%          1

Your spell library contained the following spells:

 Spells                   Type           Power      Damage    Failure   Level
 Static Discharge         Conj/Air       20%        2-3/arc   11%         2
 Swiftness                Air            13%        N/A       12%         3
 Airstrike                Air            6%         2d(1-17)  38%         4


Dungeon Overview and Level Annotations

Branches:
Dungeon (1/15)

Altars:


Innate Abilities, Weirdness & Mutations

You have a beak for a mouth.
You have claws for feet.


Message History

The bat moves out of view.
A bat is nearby!
The zap misses the bat.
The zap misses the bat.
A hobgoblin comes into view.
You hit the bat but do no damage. You claw the bat. Your peck misses the bat.
The bat is moderately wounded.
The bat closely misses you. The bat hits you but does no damage.
The bat barely misses you.
You closely miss the bat.
The bat is moderately wounded.
The bat barely misses you.
You hit the bat but do no damage. Your peck misses the bat.
The bat is moderately wounded.
The bat barely misses you.
You closely miss the bat. You claw the bat, but do no damage.
The bat is moderately wounded.
The bat closely misses you. The bat barely misses you.
The bat hits you but does no damage.
You closely miss the bat. Your kick misses the bat. You peck the bat.
You kill the bat!
The bat misses you. The bat completely misses you. The bat barely misses you.
You barely miss the bat. The bat barely misses you.
You hit the bat. You claw the bat.
The bat is severely wounded.
The bat hits you. The bat barely misses you. The hobgoblin hits you.
You closely miss the bat. Your kick misses the bat.
The bat is severely wounded.
The bat hits you. The hobgoblin completely misses you.
The hobgoblin attacks as you move away! The hobgoblin hits you.
* * * LOW HITPOINT WARNING * * *
The bat misses you. The hobgoblin attacks as you move away!
The hobgoblin misses you. The bat hits you but does no damage.
Unknown command.
Unknown command.
The hobgoblin attacks as you move away! The hobgoblin hits you.
Ouch! That really hurt!
You die...

#.#>......#.....#
#.#.......##...##
#..(.......#...#
.#..........#...#
......†.....#'''# .
#........†..#.(.#....
........####.........
........# #.##.#####
.......@# #.####
.......g####.#.
........b......
#..##.##.####.. #.#
#. .# . #. .. .# ##
.#. .. #. .. .# ..)


You could see a hobgoblin and a bat.

Vanquished Creatures
  2 bats (D:1)
  An endoplasm (D:1)
  A kobold (D:1)
  A frilled lizard (D:1)
5 creatures vanquished.

Notes
Turn   | Place    | Note
-------+----------+-------------------------------------------
     0 | D:1      | growler the Tengu Air Elementalist began the quest for the
                  | Orb.
     0 | D:1      | Reached XP level 1. HP: 10/10 MP: 4/4
   103 | D:1      | Slain by a hobgoblin

Illustrated notes

Levels and vault maps discovered:
D:1:      lemuel_arrival_funnel, layout_rooms,
          hellmonk_ecumenical_altar_run_dry, serial_co_window_serial,
          co_window_corner_a, co_window_paths_b, co_window_paths_b,
          co_window_paths_b, co_window_paths_a, co_window_unsneaky_path_b,
          co_window_unsneaky_path_d, co_window_corner_cb, co_window_2corner,
          co_window_sun, glass_columns_a, glass_columns_b

Action                     || total
---------------------------++-------
  Melee: Unarmed           ||     9
         Kick              ||     4
         Peck              ||     1
   Cast: Shock             ||     8
 Armour: Robe              ||     4
  Dodge: Dodged            ||    14
